Map: Year Zero LE

Players

HeroMarine

  • Race: Terran Terran
  • Spawn Location: 11:00

Serral - Winner!

  • Race: Zerg Zerg
  • Spawn Location: 1:00

Event: 2019 WCS Winter Europe

VOD

Have the link to the VOD?

Description

Time

  • Played on: April 7, 2019, 2:58 p.m.
  • Length: 14:07

All games in this series

Show
View Real Time Build Order
Export as new Build Order

HeroMarine Terran 

Build Orders: Reaper Expand 

Get SALT Encoding   

  12  0:00  SCV  
  13  0:12  SCV  
  14  0:18  Supply Depot  
  14  0:25  SCV  
  15  0:40  SCV  
  15  0:41  Barracks  
  16  0:45  Refinery  
  16  0:52  SCV  
  17  1:04  SCV  
  18  1:16  SCV  
  19  1:28  Orbital Command, Reaper  
  20  1:43  Command Center  
  20  1:54  SCV, Supply Depot  
  21  2:00  Marine  
  22  2:06  SCV  
  23  2:10  Factory  
  23  2:14  Refinery  
  23  2:18  SCV  
  23  2:22  Barracks Reactor  
  24  2:30  SCV  
  25  2:42  SCV  
  26  2:54  SCV  
  26  2:56  Orbital Command, Starport  
  27  3:05  Hellion x2  
  31  3:06  SCV  
  32  3:18  SCV  
  33  3:21  SCV  
  33  3:26  Marine, Hellion x2  
  39  3:30  SCV  
  39  3:33  Viking, SCV  
  43  3:39  Supply Depot  
  43  3:42  SCV  
  43  3:45  SCV  
  43  3:46  Barracks Tech Lab  
  45  3:55  SCV  
  46  3:57  Supply Depot  
  46  4:01  Hellion x2, SCV  
  51  4:07  SCV  
  52  4:10  Raven  
  54  4:19  SCV x2  
  54  4:20  Supply Depot  
  56  4:28  Command Center  
  56  4:31  SCV  
  57  4:35  Hellion x2, SCV  
  62  4:43  SCV  
  62  4:44  Armory  
  63  4:46  Refinery  
  63  4:47  SCV  
  63  4:48  Refinery  
  64  4:55  SCV  
  64  4:59  SCV  
  70  5:05  Factory  
  70  5:10  Factory  
  70  5:11  SCV x2, Supply Depot  
  70  5:13  Starport Tech Lab  
  68  5:23  SCV x2  
  70  5:33  Terran Vehicle And Ship Armor Level 1, Hellion x2  
  75  5:35  SCV x2  
  75  5:36  Command Center  
  77  5:44  Orbital Command  
  77  5:47  SCV  
  77  5:48  SCV  
  78  5:53  Cyclone  
  81  5:59  SCV  
  81  6:01  SCV  
  81  6:03  Factory  
  81  6:04  Cyclone, Factory  
  86  6:05  Mag-Field Accelerator  
  86  6:11  Orbital Command  
  86  6:12  SCV  
  86  6:13  SCV  
  86  6:14  Supply Depot  
  86  6:18  Supply Depot  
  88  6:24  SCV  
  88  6:25  SCV  
  90  6:27  Cyclone  
  90  6:28  Starport Reactor  
  93  6:36  Cyclone, SCV  
  93  6:37  SCV  
  98  6:41  SCV  
  98  6:46  Refinery x2  
  99  6:48  Engineering Bay, SCV, Supply Depot  
  99  6:49  SCV, Supply Depot  
  99  6:53  SCV  
  99  6:54  Factory Tech Lab  
  102  6:59  Cyclone  
  102  7:00  SCV  
  106  7:01  SCV  
  106  7:05  SCV  
  106  7:08  Cyclone  
  111  7:12  SCV  
  111  7:13  Cyclone, SCV, Armory  
  116  7:17  SCV  
  116  7:18  Planetary Fortress  
  117  7:23  Missile Turret  
  117  7:24  Missile Turret  
  117  7:26  SCV x2  
  117  7:27  Missile Turret  
  117  7:29  Refinery, SCV  
  117  7:31  Cyclone, Refinery  
  117  7:38  SCV x2  
  117  7:40  Cyclone  
  117  7:43  SCV  
  118  7:44  Hellion x3  
  118  7:45  Cyclone  
  118  7:50  SCV x2  
  119  7:55  SCV  
  119  7:56  Terran Vehicle And Ship Armor Level 2  
  120  8:00  Hellion x2, SCV  
  120  8:02  SCV, Missile Turret  
  120  8:03  Cyclone, SCV  
  130  8:06  Hellion x2  
  130  8:12  Cyclone, Supply Depot  
  137  8:14  Supply Depot  
  137  8:17  Terran Vehicle Weapons Level 1  
  137  8:18  Supply Depot  
  137  8:22  Factory x2, Starport Reactor  
  137  8:23  Factory  
  137  8:24  Hellion  
  139  8:27  Infernal Pre-Igniter  
  139  8:44  Cyclone x2, Supply Depot  
  139  8:47  Sensor Tower  
  139  8:48  Hellion x2  
  152  8:50  Hellion  
  152  8:51  Hellion  
  155  8:59  Sensor Tower, Siege Tank  
  154  9:16  Siege Tank x2  
  156  9:25  Hellion  
  156  9:27  Hellion  
  155  9:32  Command Center  
  155  9:34  Supply Depot  
  155  9:36  Factory Tech Lab x2, Siege Tank, Supply Depot  
  155  9:37  Supply Depot  
  160  9:45  Hellion  
  160  9:48  Siege Tank  
  160  9:49  Hellion  
  165  9:55  Siege Tank  
  165  9:56  Siege Tank  
  165  9:57  Siege Tank  
  164  10:01  Hellion  
  164  10:04  Hellion  
  164  10:06  SCV x2  
  171  10:07  SCV  
  171  10:17  Siege Tank  
  171  10:18  SCV x2  
  171  10:19  SCV  
  157  10:29  Siege Tank  
  157  10:30  SCV x2  
  157  10:31  SCV  
  124  10:42  Hellion, SCV x2  
  107  10:43  SCV  
  107  10:47  Cyclone x2  
  107  10:49  Cyclone  
  108  10:51  Cyclone  
  108  10:55  Hellion  
  109  11:01  Siege Tank  
  112  11:08  Hellion x2  
  112  11:09  Hellion  
  118  11:14  Hellion x2  
  122  11:19  Cyclone, Siege Tank  
  122  11:21  Cyclone  
  122  11:23  Cyclone  
  132  11:30  Hellion  
  132  11:31  Hellion x2  
  138  11:33  Cyclone  
  133  11:51  Cyclone x2  
  133  11:52  Hellion  
  133  11:53  Hellion, Siege Tank  
  146  11:55  Cyclone  
  146  11:57  Hellion  
  151  12:03  Hellion  
  151  12:05  Cyclone, Hellion  
  158  12:16  Hellion  
  158  12:18  Hellion  
  158  12:23  Cyclone x2  
  158  12:25  Cyclone  
  158  12:26  Hellion  
  158  12:27  Cyclone  
  163  12:30  Hellion  
  163  12:34  Hellion  
  163  12:35  Hellion  
  167  12:37  Cyclone  
  162  12:48  Hellion  
  147  12:55  Cyclone x2  
  147  12:57  Cyclone  
  154  12:59  Cyclone, Hellion  
  154  13:02  Hellion  
  161  13:09  Cyclone  
  150  13:27  Cyclone  
  150  13:28  Cyclone  
  150  13:32  Cyclone  
  93  13:36  Hellion  
  93  13:41  SCV  
  76  13:42  SCV  
Show
View Real Time Build Order
Export as new Build Order

Serral Zerg - Winner!

Build Orders: Hatch First, Muta Ling Bane 

Get SALT Encoding   

  12  0:00  Drone  
  13  0:13  Overlord  
  13  0:18  Drone  
  14  0:31  Drone x2  
  16  0:49  Hatchery  
  15  0:52  Drone  
  15  0:56  Drone  
  17  0:59  Drone  
  18  1:10  Extractor  
  17  1:15  Spawning Pool  
  16  1:19  Drone  
  16  1:22  Drone  
  18  1:28  Drone  
  19  1:39  Drone  
  20  1:49  Drone  
  21  2:01  Queen  
  21  2:02  Queen, Zergling x4  
  27  2:16  Hatchery  
  27  2:21  Overlord  
  26  2:25  Drone  
  26  2:27  Drone  
  28  2:32  Metabolic Boost  
  28  2:40  Drone x2  
  28  2:42  Drone  
  31  2:50  Queen  
  33  2:54  Overlord  
  33  2:57  Drone  
  34  3:00  Drone  
  34  3:03  Drone  
  36  3:13  Drone x2  
  36  3:15  Drone x2  
  36  3:16  Drone  
  36  3:19  Drone  
  42  3:25  Queen  
  44  3:30  Queen, Overlord  
  46  3:35  Overlord  
  46  3:40  Zergling x2  
  47  3:42  Drone x3  
  47  3:48  Overlord  
  50  3:55  Zergling x2  
  51  3:56  Drone x3  
  51  3:59  Drone  
  51  4:02  Baneling Nest, Zergling x2  
  55  4:05  Drone x3  
  55  4:07  Drone  
  55  4:09  Drone  
  59  4:17  Overlord  
  59  4:19  Zergling x6  
  59  4:20  Drone x2  
  59  4:22  Drone  
  65  4:30  Lair  
  65  4:33  Extractor  
  65  4:34  Drone, Extractor  
  65  4:35  Queen  
  65  4:37  Overlord  
  66  4:39  Zergling x2  
  66  4:40  Drone x2  
  66  4:41  Drone  
  70  4:49  Baneling x3  
  70  4:53  Overlord  
  70  4:56  Drone  
  70  4:57  Drone x3  
  74  5:05  Spore Crawler x2  
  74  5:06  Overlord, Queen, Spore Crawler  
  73  5:08  Zergling x2  
  73  5:12  Zergling x4  
  73  5:13  Drone x3  
  79  5:15  Overlord  
  79  5:19  Drone x3  
  79  5:20  Extractor  
  82  5:23  Extractor x2, Drone  
  82  5:24  Drone  
  82  5:25  Drone  
  82  5:28  Baneling x2  
  82  5:32  Spire  
  82  5:34  Zergling x4  
  82  5:35  Drone, Overseer  
  84  5:41  Drone  
  85  5:45  Drone, Evolution Chamber, Zergling x2  
  85  5:46  Drone x2  
  85  5:47  Drone, Evolution Chamber  
  85  5:49  Drone  
  90  5:50  Drone  
  90  5:51  Drone  
  90  5:52  Drone x2  
  90  5:54  Drone  
  94  6:05  Drone x2  
  94  6:07  Overlord  
  96  6:14  Hatchery  
  96  6:16  Roach Warren  
  96  6:17  Zerg Melee Weapons Level 1  
  94  6:22  Zergling x2  
  94  6:23  Zergling x4  
  94  6:24  Zerg Ground Armor Level 1  
  97  6:27  Overlord x2  
  96  6:34  Baneling x3  
  96  6:43  Mutalisk  
  96  6:44  Mutalisk  
  96  6:45  Mutalisk x5  
  109  6:52  Centrifical Hooks  
  109  7:10  Glial Reconstitution  
  109  7:13  Drone x4  
  113  7:15  Overlord x2  
  113  7:18  Overlord  
  113  7:20  Overlord x2  
  113  7:23  Overlord  
  113  7:27  Drone x2  
  113  7:28  Drone  
  116  7:33  Overlord  
  116  7:35  Drone x2, Roach x3  
  116  7:36  Roach x5  
  126  7:53  Drone x3  
  126  7:54  Drone x3  
  126  7:56  Ravager x3  
  126  7:57  Ravager x5  
  140  8:00  Overlord x2  
  140  8:01  Roach x7  
  154  8:08  Drone, Spine Crawler  
  154  8:09  Drone, Spore Crawler  
  154  8:11  Drone x3  
  154  8:12  Extractor  
  156  8:13  Overlord  
  156  8:16  Hatchery  
  156  8:17  Zerg Missile Weapons Level 1  
  155  8:21  Zergling x12  
  161  8:32  Roach x3, Zergling x8  
  171  8:43  Roach x3, Zergling x14  
  171  8:45  Infestation Pit  
  183  8:50  Baneling x20  
  183  8:54  Zergling x10  
  188  9:01  Zergling x4  
  190  9:07  Zergling x10  
  194  9:13  Roach x2, Zergling x6  
  199  9:17  Zergling x2  
  199  9:24  Zergling x14  
  180  9:33  Baneling  
  180  9:34  Baneling x14  
  180  9:35  Ravager  
  180  9:36  Ravager  
  180  9:37  Drone x2  
  180  9:38  Drone x2, Queen  
  186  9:39  Hive  
  186  9:40  Drone  
  186  9:43  Extractor, Drone  
  186  9:44  Spine Crawler  
  186  9:45  Zergling x2, Spore Crawler  
  187  9:46  Zergling x16  
  187  9:48  Baneling x5  
  195  9:53  Zergling x10  
  193  10:00  Zergling x6  
  193  10:05  Baneling x8  
  193  10:10  Zergling x12  
  193  10:11  Zerg Melee Weapons Level 2  
  193  10:12  Baneling x10  
  199  10:15  Baneling x7  
  199  10:20  Hatchery  
  197  10:24  Zergling x8  
  163  10:31  Roach x2, Zergling x12  
  163  10:35  Roach x2, Zergling x2  
  153  10:38  Roach x2, Zergling x4  
  153  10:40  Zergling x4  
  150  10:49  Roach x7  
  156  10:55  Drone x3  
  156  10:56  Roach x3  
  159  11:03  Zerg Missile Weapons Level 2  
  156  11:05  Ravager x5  
  156  11:10  Ravager  
  158  11:18  Zergling x2  
  158  11:19  Zergling x30  
  158  11:21  Adrenal Glands  
  173  11:27  Ravager x2  
  173  11:29  Zergling x18  
  173  11:30  Zergling x2  
  185  11:39  Greater Spire  
  174  11:53  Extractor, Drone x3  
  173  11:55  Extractor, Drone x3, Queen, Spine Crawler x2  
  173  12:01  Baneling x6  
  175  12:02  Baneling x7  
  175  12:03  Baneling x2, Zergling x2  
  175  12:04  Roach, Zergling x26  
  191  12:10  Zergling x12  
  197  12:18  Baneling x4  
  197  12:24  Zergling x14  
  159  12:45  Roach x4, Zergling x32  
  159  12:47  Zergling x6  
  159  12:51  Zergling x6  
  176  12:57  Roach x3, Zergling x4  
  176  13:01  Baneling x15  
  172  13:06  Ravager x5  
  172  13:07  Baneling x17  
  172  13:08  Zergling x2  
  174  13:13  Zergling x10  
  174  13:18  Zergling x10  
  184  13:25  Zergling x2  
  184  13:26  Zergling x12  
  154  13:34  Roach, Zergling x2  
  154  13:35  Roach, Zergling x10  
  154  13:38  Zergling x8  
  159  13:43  Zergling x2  
  159  13:44  Zergling x10  
Tags
 
Add a new tag
Caveats
  • Supply blocks, unpowered buildings, or Contaminate may cause inaccurate times.
  • Supply counts are checked every 10 seconds.